 Dungeon Crawl Stone Soup version 0.30.0-29-ga12c61a403 (webtiles) character file.

Game seed: 6444982275375173164

43 CaptainMV the Sneak (level 3, -3/28 HPs)
             Began as a Draconian Wanderer on June 6, 2023.
             Slain by a worm (7 damage)
             ... on level 2 of the Dungeon.
             The game lasted 00:07:53 (720 turns).

CaptainMV the Sneak (Draconian Wanderer)             Turns: 720, Time: 00:07:53

Health: -3/28      AC:  5    Str: 11    XL:     3   Next: 37%
Magic:  0/3        EV: 11    Int: 11    God:
Gold:   59         SH:  0    Dex: 16    Spells: 1/2 levels left

rFire   . . .        a - +0 quarterstaff
rCold   . . .        (shield currently unavailable)
rNeg    . . .        (body armour unavailable)
rPois   .            d - +0 hat
rElec   .            (no cloak)
rCorr   .            (no gloves)
SInv    .            (no boots)
Will    .....        (no amulet)
Stlth   +++          (no ring)
HPRegen 0.24/turn    (no ring)
MPRegen 0.08/turn

%: no passive effects
@: no status effects
A: AC +5, unfitting armour, cold-blooded
a: no special abilities


You were on level 2 of the Dungeon.
You visited 1 branch of the dungeon, and saw 2 of its levels.

You collected 59 gold pieces.

Inventory:

Hand Weapons
 a - a +0 quarterstaff (weapon)
 b - a +1 dagger of pain
Missiles
 i - 3 atropa-tipped darts (quivered)
Armour
 d - a +0 hat (worn)
Scrolls
 e - a scroll of butterflies
 f - a scroll of vulnerability {unknown}
 l - a scroll of enchant weapon {unknown}
Potions
 c - 2 potions of brilliance
 g - 2 potions of curing {unknown}
 h - 2 potions of haste
 j - a potion of mutation {unknown}
 k - 2 potions of degeneration {unknown}


   Skills:
 + Level 1.5 Fighting
 + Level 1.8 Staves
 + Level 0.1 Dodging
 + Level 4.1 Stealth
 + Level 3.4 Unarmed Combat
 + Level 1.0 Evocations


You had one spell level left.
You knew the following spells:

 Your Spells              Type           Power      Damage    Failure   Level
a - Magic Dart            Conj           0%         1d3       34%         1

Your spell library contained the following spells:

 Spells                   Type           Power      Damage    Failure   Level
 Searing Ray              Conj           0%         2d4       47%         2
 Fulminant Prism          Conj/Hex       0%         3d5       98%         4


Dungeon Overview and Level Annotations

Branches:
Dungeon (2/15)

Altars:

Shops:
D:1 (


Innate Abilities, Weirdness & Mutations

Your plain brown scales are hard. (AC +5)
You cannot fit into any form of body armour.
You are cold-blooded and may be slowed by cold attacks.


Message History

Casting: Magic Dart (safe; 34% risk of failure)
Confirm with . or Enter, or press ? or * to list all spells.
Aiming: Magic Dart (safe; 34% risk of failure)
Press: ? - help, Shift-Dir - straight line, f - worm
Aim: a worm (100% to hit)
You miscast Magic Dart.
You are very lightly contaminated with residual magic.
Nothing appears to happen.
The worm barely misses you.
You see here 18 gold pieces.
You hit the worm.
The worm is lightly wounded.
You hit the worm.
The worm is lightly wounded.
The worm bites you!
You hit the worm.
The worm is lightly wounded.
You hit the worm.
The worm is moderately wounded.
The worm bites you!
Your magical contamination has completely faded away.
You barely miss the worm.
The worm is moderately wounded.
The worm closely misses you.
You hit the worm but do no damage.
The worm is moderately wounded.
a - a +0 quarterstaff (weapon)
Casting: Magic Dart (safe; 34% risk of failure)
Confirm with . or Enter, or press ? or * to list all spells.
Aiming: Magic Dart (safe; 34% risk of failure)
Press: ? - help, Shift-Dir - straight line, f/p - worm
Aim: a worm (moderately wounded, 100% to hit)
The magic dart hits the worm but does no damage.
The worm is moderately wounded.
The worm bites you.
* * * LOW HITPOINT WARNING * * *
You sock the worm!
The worm is severely wounded.
The worm bites you!
You die...

.# #. ### ##.###
#.#####<##.....
#.....)......#
#............#
#...)........+
#............##
##............<..
.......@.......##
####...w..........
#..............
#.........).!..
#............##
..##.######....
##. #. #..# # #.
.#


You could see a worm.

Vanquished Creatures
  2 endoplasms
  3 giant cockroaches (D:1)
  4 goblins
  3 hobgoblins (D:1)
  11 jackals (D:1)
  A quokka (D:1)
  2 ball pythons (D:1)
  5 bats (D:1)
  A frilled lizard (D:1)
  2 kobolds
  A rat (D:1)
35 creatures vanquished.

Notes
Turn   | Place    | Note
-------+----------+-------------------------------------------
     0 | D:1      | CaptainMV the Draconian Wanderer began the quest for the
                  | Orb.
     0 | D:1      | CaptainMV set off with the following items: a +0
                  | quarterstaff, a potion of haste, a potion of brilliance, a
                  | +0 hat, a scroll of butterflies.
     0 | D:1      | Reached XP level 1. HP: 16/16 MP: 1/1
    94 | D:1      | Reached XP level 2. HP: 23/23 MP: 2/2
   103 | D:1      | Found Lelileq's Antique Weapon Shoppe.
   121 | D:1      | Learned a level 1 spell: Magic Dart
   220 | D:1      | Reached skill level 4 in Stealth
   304 | D:1      | Reached XP level 3. HP: 28/28 MP: 3/3
   720 | D:2      | Slain by a worm

Illustrated notes

Levels and vault maps discovered:
D:1:      evilmike_arrival_crescent, layout_basic, serial_shops,
          nicolae_shop_getting_attention, nicolae_shop_back_alley_shop
D:2:      layout_basic, serial_shops, nicolae_lakefront_shop, uniq_robin

Skill      XL: |  1  2 |
---------------+-------+-----
Stealth        | 4 |  4.1
Fighting       | |  1.5
Staves         | |  1.8
Dodging        | |  0.1
Unarmed Combat | |  3.4
Evocations     | |  1.0

Action                     || total
---------------------------++-------
  Melee: Quarterstaff      ||    43
         Tailslap          ||    11
         Dagger            ||    43
   Cast: Magic Dart        ||     5
   Stab: Sleeping          ||     5
 Armour: Skin              ||    28
  Dodge: Dodged            ||    66
